Map: Sequencer LE

Players

liquidthermy (uThermal) - Winner!

  • Race: Terran Terran
  • League: Master
  • Spawn Location: 1:00

LiquidTLO (TLO)

  • Race: Zerg Zerg
  • League: Master
  • Spawn Location: 7:00

Event: HomeStory Cup XV

VOD

Have the link to the VOD?

Description

Time

  • Played on: July 22, 2017, 4:51 p.m.
  • Length: 7:06

All games in this series

Show
View Real Time Build Order
Export as new Build Order

liquidthermy Terran - Winner!

Build Orders:  

Get SALT Encoding   

  12  0:01  SCV  
  13  0:13  SCV  
  14  0:17  Supply Depot  
  14  0:26  SCV  
  15  0:39  SCV  
  16  0:44  Refinery  
  16  0:45  Barracks  
  16  0:51  SCV  
  17  1:01  Barracks  
  17  1:05  SCV  
  18  1:17  SCV  
  19  1:32  Orbital Command, Reaper  
  20  1:38  Barracks  
  20  1:43  Refinery  
  20  1:48  Reaper  
  21  1:55  Supply Depot  
  21  1:59  SCV  
  22  2:04  Reaper  
  23  2:17  SCV  
  23  2:20  Reaper  
  25  2:26  Reaper, Supply Depot  
  25  2:29  SCV  
  27  2:36  Reaper  
  28  2:41  SCV  
  29  2:52  Reaper  
  29  2:53  SCV  
  31  3:00  Command Center  
  31  3:02  Reaper  
  32  3:08  Reaper  
  33  3:23  SCV  
  33  3:24  Reaper  
  33  3:25  Supply Depot  
  34  3:35  SCV  
  34  3:37  Reaper  
  36  3:44  Barracks  
  36  3:45  Barracks, Reaper  
  37  3:50  SCV  
  38  4:02  SCV  
  39  4:06  Reaper  
  39  4:09  Refinery, Reaper  
  41  4:12  Refinery  
  41  4:14  Orbital Command, SCV  
  42  4:18  Reaper  
  43  4:26  SCV  
  44  4:33  Reaper  
  45  4:38  SCV, Reaper  
  45  4:40  SCV  
  45  4:41  Reaper  
  45  4:44  Reaper  
  50  4:49  Supply Depot  
  50  4:50  SCV, Reaper  
  52  4:52  SCV  
  53  5:03  SCV  
  53  5:05  SCV, Reaper  
  56  5:10  Reaper  
  56  5:13  Reaper  
  48  5:15  SCV  
  48  5:16  Reaper  
  48  5:17  SCV  
  47  5:22  Engineering Bay, Reaper  
  47  5:23  Engineering Bay  
  47  5:27  SCV  
  49  5:29  SCV  
  49  5:30  Factory  
  50  5:37  Reaper  
  50  5:39  SCV  
  50  5:41  SCV  
  54  5:42  Reaper  
  54  5:46  Reaper  
  54  5:48  Reaper  
  56  5:51  SCV  
  56  5:53  SCV  
  56  5:54  Supply Depot  
  56  5:55  Reaper  
  59  6:03  SCV  
  57  6:05  SCV  
  57  6:09  Reaper  
  56  6:15  SCV  
  56  6:17  SCV  
  51  6:26  Reaper x2  
  51  6:27  SCV  
  51  6:29  SCV  
  55  6:39  SCV  
  55  6:42  SCV  
  58  6:48  Supply Depot  
  58  6:51  SCV  
Show
View Real Time Build Order
Export as new Build Order

LiquidTLO Zerg 

Build Orders: Hatch First 

Get SALT Encoding   

  12  0:00  Drone  
  13  0:12  Overlord  
  13  0:17  Drone  
  14  0:32  Drone x2  
  16  0:38  Drone  
  17  0:52  Hatchery  
  17  0:55  Drone  
  17  1:01  Drone  
  18  1:04  Extractor  
  17  1:15  Spawning Pool  
  17  1:17  Drone  
  17  1:20  Drone  
  18  1:28  Drone  
  19  1:38  Overlord  
  19  2:01  Queen  
  19  2:02  Zergling x4  
  19  2:04  Queen, Metabolic Boost  
  25  2:08  Drone  
  25  2:14  Drone  
  27  2:17  Drone  
  29  2:22  Drone  
  29  2:27  Zergling x2  
  30  2:37  Queen  
  31  2:45  Zergling x2  
  31  2:47  Queen  
  34  2:56  Overlord  
  34  2:58  Drone  
  35  3:09  Drone  
  35  3:11  Drone  
  33  3:16  Drone  
  33  3:18  Zergling x2  
  33  3:19  Zergling x2  
  37  3:22  Drone  
  37  3:23  Zergling x2  
  39  3:30  Zergling x2  
  39  3:32  Zergling x2  
  39  3:41  Baneling Nest  
  39  3:45  Zergling x2  
  39  3:49  Hatchery  
  39  3:52  Zergling x4  
  38  3:59  Zergling x2  
  38  4:00  Zergling x4  
  40  4:03  Zergling x2  
  40  4:07  Zergling x2  
  40  4:09  Zergling x2  
  43  4:20  Zergling x2  
  43  4:21  Overlord  
  43  4:38  Overlord  
  43  4:41  Zergling x4  
  43  4:45  Zergling x4  
  47  4:46  Zergling x4  
  47  4:50  Zergling x2  
  47  4:51  Zergling x2  
  51  4:59  Zergling x2  
  52  5:05  Zergling x2  
  49  5:07  Zergling x2  
  49  5:09  Zergling x2  
  49  5:10  Zergling x4  
  49  5:12  Zergling x2  
  49  5:13  Zergling x6  
  48  5:15  Zergling x2  
  49  5:33  Baneling x7  
  49  5:34  Baneling x3  
  49  5:35  Zergling x4  
  51  5:38  Zergling x2  
  51  5:42  Zergling x4  
  54  5:44  Zergling x2  
  54  5:47  Zergling x2  
  56  5:53  Zergling x2  
  56  5:55  Zergling x2  
  56  5:56  Zergling x2  
  59  5:57  Zergling x2  
  54  6:04  Zergling x2  
  54  6:05  Zergling x4  
  54  6:09  Zergling x2  
  52  6:11  Zergling x2  
  52  6:13  Zergling x2  
  52  6:15  Zergling x2  
  50  6:19  Zergling x2  
  50  6:23  Zergling x2  
  50  6:24  Zergling x2  
  50  6:26  Zergling x2  
  46  6:34  Drone  
  46  6:35  Zergling x2, Drone  
  46  6:36  Zergling x2  
  49  6:40  Zergling x2  
Tags
 
Add a new tag
Caveats
  • Supply blocks, unpowered buildings, or Contaminate may cause inaccurate times.
  • Supply counts are checked every 10 seconds.